Map: 2000 Atmospheres LE

Players

Harstem - Winner!

  • Race: Protoss Protoss
  • League: Master
  • Spawn Location: 3:00

AGOElazer (Elazer)

  • Race: Zerg Zerg
  • League: Grandmaster
  • Spawn Location: 7:00

VOD

https://www.youtube.com/watch?v=DBQF6tBmsKY

Description

Time

  • Played on: May 9, 2022, 1:22 p.m.
  • Length: 11:01
Show
View Real Time Build Order
Export as new Build Order

Harstem Protoss - Winner!

Build Orders: 1 Gate Expand, Oracle Opening 

Get SALT Encoding   

  12  0:00  Probe  
  13  0:12  Probe  
  14  0:19  Pylon  
  14  0:24  Probe  
  14  0:27  Assimilator  
  15  0:37  Probe (Chrono Boost)  
  16  0:47  Probe (Chrono Boost), Gateway  
  17  0:52  Probe (Chrono Boost)  
  18  1:03  Probe  
  19  1:15  Probe  
  20  1:23  Nexus  
  20  1:34  Cybernetics Core  
  20  1:36  Probe  
  21  1:41  Assimilator  
  21  1:48  Probe  
  21  1:54  Pylon  
  22  2:00  Probe (Chrono Boost)  
  23  2:11  Adept  
  23  2:12  Probe (Chrono Boost)  
  23  2:13  Stargate  
  26  2:19  Warp Gate  
  26  2:21  Probe (Chrono Boost)  
  27  2:27  Probe (Chrono Boost)  
  28  2:35  Probe (Chrono Boost)  
  29  2:39  Probe (Chrono Boost)  
  29  2:41  Adept  
  33  2:44  Probe (Chrono Boost)  
  33  2:46  Probe (Chrono Boost)  
  33  2:49  Probe (Chrono Boost)  
  34  2:53  Probe  
  34  2:57  Oracle (Chrono Boost)  
  39  3:01  Probe  
  39  3:05  Probe  
  41  3:06  Pylon  
  41  3:13  Probe  
  41  3:17  Probe  
  43  3:21  Gateway  
  43  3:25  Probe, Oracle (Chrono Boost)  
  47  3:29  Probe  
  48  3:36  Nexus  
  48  3:38  Probe  
  49  3:44  Pylon  
  49  3:46  Probe  
  50  3:50  Probe  
  50  3:55  Pylon  
  51  3:58  Probe, Assimilator  
  51  3:59  Oracle (Chrono Boost)  
  51  4:02  Probe  
  56  4:10  Twilight Council, Probe  
  56  4:13  Forge  
  57  4:27  Probe x2 (Chrono Boost)  
  59  4:31  Gateway  
  59  4:32  Gateway  
  61  4:39  Probe (Chrono Boost)  
  61  4:40  Gateway  
  61  4:41  Stalker, Blink (Chrono Boost)  
  61  4:42  Stalker  
  61  4:44  Probe (Chrono Boost)  
  65  4:46  Probe (Chrono Boost)  
  65  4:51  Probe  
  65  4:52  Probe  
  68  4:53  Probe  
  68  4:58  Protoss Ground Weapons Level 1 (Chrono Boost)  
  69  5:03  Probe  
  69  5:04  Probe  
  69  5:05  Probe  
  69  5:06  Stalker  
  74  5:09  Stalker  
  76  5:14  Pylon  
  76  5:15  Probe  
  76  5:16  Probe  
  76  5:17  Probe  
  79  5:27  Probe  
  79  5:28  Probe, Nexus  
  81  5:29  Probe  
  81  5:32  Pylon  
  82  5:36  Stalker x2  
  82  5:40  Probe  
  82  5:41  Stalker  
  82  5:42  Probe, Stalker  
  91  5:46  Gateway  
  91  5:52  Stalker  
  91  5:53  Probe  
  91  5:56  Pylon  
  94  6:03  Stalker x2  
  94  6:05  Probe  
  94  6:08  Probe  
  96  6:12  Gateway  
  96  6:13  Stalker  
  96  6:15  Gateway x2  
  98  6:19  Charge (Chrono Boost), Shield Battery  
  98  6:22  Stalker x2  
  102  6:26  Probe  
  102  6:27  Probe  
  102  6:31  Stalker x2  
  106  6:34  Probe  
  106  6:37  Zealot  
  106  6:39  Probe  
  110  6:40  Pylon  
  110  6:50  Probe, Stalker x3  
  110  6:52  Probe x2  
  119  6:54  Photon Cannon  
  119  6:57  Gateway  
  119  6:59  Probe, Gateway  
  120  7:02  Probe, Pylon  
  120  7:04  Probe  
  120  7:05  Probe  
  120  7:08  Zealot x3  
  127  7:15  Zealot  
  126  7:23  Zealot x5  
  126  7:28  Probe  
  135  7:30  Stalker x2  
  135  7:34  Protoss Ground Weapons Level 2 (Chrono Boost)  
  135  7:36  Probe  
  140  7:39  Pylon  
  140  7:41  Pylon  
  140  7:42  Gateway  
  140  7:43  Robotics Facility  
  140  7:46  Zealot  
  136  7:52  Stalker x2  
  136  7:56  Pylon  
  136  7:57  Probe, Zealot  
  136  7:58  Zealot x2  
  147  7:59  Assimilator, Pylon  
  147  8:00  Probe  
  147  8:03  Gateway  
  147  8:04  Assimilator  
  147  8:05  Zealot x4  
  156  8:09  Pylon  
  154  8:14  Zealot x2  
  154  8:19  Zealot x5  
  156  8:28  Zealot x4  
  164  8:36  Zealot x2, Stalker  
  146  8:49  Probe  
  146  8:53  Stalker x7  
  150  8:57  Probe  
  143  9:04  Zealot x6  
  145  9:15  Nexus  
  145  9:16  Stalker x2  
  145  9:17  Stalker, Zealot  
  151  9:18  Zealot x3  
  151  9:22  Probe  
  145  9:29  Stalker  
  145  9:30  Stalker x2  
  141  9:34  Zealot x3  
  143  9:40  Zealot x6  
  143  9:44  Zealot  
  149  9:54  Zealot x6  
  155  10:04  Zealot x7  
  155  10:21  Stalker  
  155  10:22  Stalker x5  
  155  10:26  Probe  
  164  10:33  Zealot x6  
  172  10:39  Stalker  
  172  10:40  Probe  
  162  10:57  Zealot x12  
Show
View Real Time Build Order
Export as new Build Order

AGOElazer Zerg 

Build Orders: Hatch First 

Get SALT Encoding   

  12  0:00  Drone  
  13  0:11  Overlord  
  13  0:16  Drone  
  14  0:30  Drone x2  
  16  0:48  Hatchery  
  15  0:51  Drone  
  15  0:54  Drone  
  18  0:57  Drone  
  18  1:07  Extractor  
  17  1:12  Spawning Pool  
  17  1:15  Drone  
  17  1:18  Drone  
  18  1:28  Drone  
  19  1:38  Drone  
  20  1:48  Drone  
  21  1:59  Queen x2  
  25  2:01  Zergling x2  
  25  2:02  Overlord  
  26  2:10  Drone x2  
  26  2:12  Metabolic Boost  
  28  2:24  Drone x2  
  30  2:32  Hatchery  
  30  2:34  Drone  
  30  2:39  Queen  
  32  2:46  Overlord, Drone  
  32  2:50  Drone  
  34  2:54  Drone  
  34  2:55  Drone  
  36  3:04  Overlord, Queen  
  38  3:08  Drone x3  
  38  3:10  Drone  
  42  3:15  Queen  
  44  3:26  Drone  
  45  3:28  Spore Crawler  
  45  3:29  Drone  
  45  3:31  Drone x2  
  47  3:37  Drone  
  47  3:38  Drone  
  47  3:40  Overlord  
  49  3:43  Drone x2  
  49  3:46  Drone x2  
  49  3:47  Queen  
  55  3:50  Drone x3  
  58  3:57  Overlord, Queen  
  58  4:01  Drone x3  
  63  4:07  Drone  
  64  4:12  Spore Crawler  
  64  4:13  Drone  
  64  4:14  Drone x2  
  68  4:17  Drone x2  
  68  4:25  Drone x5  
  73  4:31  Extractor  
  73  4:32  Overlord  
  73  4:34  Drone x2, Roach Warren  
  73  4:36  Drone  
  74  4:45  Overlord  
  74  4:48  Extractor  
  74  4:50  Queen x2  
  74  4:51  Hatchery  
  74  4:52  Zergling x10  
  81  4:54  Drone  
  81  4:58  Overlord  
  82  5:03  Lair  
  82  5:09  Drone x6  
  82  5:10  Drone x2  
  82  5:12  Extractor x2  
  88  5:14  Evolution Chamber  
  88  5:15  Overlord  
  88  5:18  Drone x4  
  88  5:20  Spore Crawler  
  90  5:24  Overlord  
  90  5:27  Drone x2  
  92  5:33  Zergling x10  
  92  5:34  Zergling x6  
  100  5:42  Overlord  
  99  5:46  Drone  
  99  5:47  Extractor, Drone x2  
  99  5:48  Drone  
  99  5:49  Drone  
  103  5:51  Drone  
  103  5:54  Zerg Missile Weapons Level 1  
  105  5:57  Drone x2  
  105  6:01  Drone  
  101  6:05  Roach x2  
  101  6:10  Overlord  
  104  6:12  Spire, Baneling Nest  
  104  6:17  Zergling x22  
  112  6:22  Overlord  
  112  6:24  Glial Reconstitution  
  112  6:31  Zergling x8  
  113  6:36  Roach x5  
  122  6:40  Queen  
  122  6:41  Queen x2  
  126  6:47  Roach x8  
  126  6:51  Spore Crawler  
  143  6:54  Roach  
  143  6:56  Overlord x3  
  143  7:03  Pneumatized Carapace  
  143  7:06  Centrifugal Hooks  
  143  7:07  Overlord x3  
  141  7:08  Overseer  
  137  7:21  Roach x3  
  137  7:22  Roach x9  
  149  7:27  Roach x3  
  151  7:36  Roach x4  
  150  7:45  Zergling x12  
  150  7:49  Zergling x2  
  156  7:54  Zerg Melee Weapons Level 1  
  155  8:01  Zergling x14  
  155  8:02  Zergling x10  
  167  8:06  Zergling x4  
  167  8:07  Ravager, Baneling  
  167  8:08  Baneling x9  
  169  8:15  Hatchery  
  169  8:19  Roach x8  
  163  8:28  Queen x2  
  163  8:32  Roach  
  163  8:33  Roach x4  
  167  8:40  Roach x5  
  168  8:43  Queen  
  163  8:52  Roach x5  
  163  8:54  Queen  
  161  9:00  Zergling x10  
  160  9:06  Ravager  
  160  9:07  Zergling x6  
  160  9:08  Zergling x8  
  153  9:11  Zergling x2  
  140  9:20  Zergling x2  
  140  9:21  Zergling x6  
  134  9:26  Zergling x8  
  133  9:38  Roach x4  
  132  9:46  Roach x8  
  129  9:53  Roach x2  
  129  9:57  Roach x2  
  116  10:02  Roach x2, Queen x2  
  116  10:03  Queen  
  121  10:08  Roach x5  
  121  10:14  Roach x4  
  128  10:15  Ravager  
  128  10:17  Roach  
  128  10:22  Roach x5  
  122  10:29  Roach x3  
  122  10:33  Zergling x6  
  125  10:37  Zergling x6  
  125  10:41  Ravager  
Tags
 
Add a new tag
Caveats
  • Supply blocks, unpowered buildings, or Contaminate may cause inaccurate times.
  • Supply counts are checked every 10 seconds.